 Dungeon Crawl Stone Soup version 0.28.0-53-g5a82cb258f (webtiles) character file.

Game seed: 11927639347260459840

2 Sin92 the Magician (level 1, 0/13 HPs)
             Began as a Demonspawn Hedge Wizard on July 19, 2022.
             Slain by a goblin
             ... wielding a +0 dagger
              (2 damage)
             ... on level 1 of the Dungeon.
             The game lasted 00:00:11 (54 turns).

Sin92 the Magician (Demonspawn Hedge Wizard)          Turns: 54, Time: 00:00:12

Health: 0/13       AC:  2    Str: 10    XL:     1   Next: 33%
Magic:  0/4        EV: 12    Int: 15    God:
Gold:   0          SH:  0    Dex: 12    Spells: 5/6 levels left

rFire   . . .      SeeInvis .   a - +0 dagger
rCold   . . .      Faith    .   (no shield)
rNeg    . . .      Spirit   .   b - +0 robe
rPois   .          Reflect  .   c - +0 hat
rElec   .          Harm     .   (no cloak)
rCorr   .          Rampage  .   (no gloves)
Will    .....                   (no boots)
Stlth   ++........              (no amulet)
HPRegen 0.04/turn               (no ring)
MPRegen 0.09/turn               (no ring)

@: no status effects
A: no striking features
a: no special abilities


You were on level 1 of the Dungeon.
You visited 1 branch of the dungeon, and saw 1 of its levels.

Inventory:

Hand Weapons
 a - a +0 dagger (weapon)
Armour
 b - a +0 robe (worn)
 c - a +0 hat (worn)


   Skills:
 + Level 0.2 Fighting
 + Level 0.0 Short Blades
 + Level 1.8 Dodging
 + Level 1.8 Stealth
 + Level 3.0 Spellcasting
 + Level 1.0 Conjurations
 - Level 1.0 Summonings
 + Level 0.9 Translocations


You had 5 spell levels left.
You knew the following spells:

 Your Spells              Type           Power      Damage    Failure   Level
a - Magic Dart            Conj           20%        1d4       13%         1

Your spell library contained the following spells:

 Spells                   Type           Power      Damage    Failure   Level
 Slow                     Hex            8%         N/A       21%         1
 Blink                    Tloc           10%        N/A       21%         2
 Call Imp                 Summ           5%         N/A       21%         2
 Conjure Flame            Conj/Fire      3%         6-21      43%         3
 Mephitic Cloud           Conj/Pois/Air  3%         N/A       45%         3


Dungeon Overview and Level Annotations

Branches:
Dungeon (1/15)

Altars:


Message History

There are monsters nearby!
You are too injured to fight recklessly!
Aiming: Magic Dart (safe; 13% risk of failure)
Press: ? - help, Q - select action Shift-Dir - straight line, f - hobgoblin
Aim: a hobgoblin (moderately wounded, 100% to hit)
The magic dart hits the hobgoblin.
The hobgoblin is severely wounded.
The hobgoblin hits you. The goblin hits you with a +0 dagger.
Aiming: Magic Dart (safe; 13% risk of failure)
Press: ? - help, Q - select action Shift-Dir - straight line, f/p - hobgoblin
Aim: a hobgoblin (severely wounded, 100% to hit)
The magic dart hits the hobgoblin but does no damage.
The hobgoblin is severely wounded.
The hobgoblin barely misses you. The goblin hits you with a +0 dagger.
* * * LOW HITPOINT WARNING * * *
Aiming: Magic Dart (safe; 13% risk of failure)
Press: ? - help, Q - select action Shift-Dir - straight line, f/p - hobgoblin
Aim: a hobgoblin (heavily wounded, 100% to hit)
The magic dart hits the hobgoblin.
The hobgoblin is almost dead.
The hobgoblin closely misses you. The goblin barely misses you.
Aiming: Magic Dart (safe; 13% risk of failure)
Press: ? - help, Q - select action Shift-Dir - straight line, f/p - hobgoblin
Aim: a hobgoblin (severely wounded, 100% to hit)
The magic dart hits the hobgoblin.
You kill the hobgoblin!
The goblin hits you with a +0 dagger.
* * * LOW HITPOINT WARNING * * *
You miss the goblin. The goblin closely misses you.
You hit the goblin but do no damage. The goblin misses you.
You closely miss the goblin. The goblin closely misses you.
Unknown command.
You hit the goblin.
The goblin is heavily wounded.
The goblin closely misses you.
Unknown command.
You hit the goblin.
The goblin is severely wounded.
The goblin hits you with a +0 dagger.
You die...

............###.#######
.............# ##'......
.............# #.......
........#....####...##..
..............##..####.
#............##..####.
#............##...##..
#.....†......##.......
#....@##....####......
#...g†##....# ######.
....##.......... ######.
... ...........##......
.. ............#.......
.............#...##..
........... .. ##.
............. . #. ..


You could see a goblin.

Vanquished Creatures
  A hobgoblin (D:1)
  A quokka (D:1)
2 creatures vanquished.

Notes
Turn   | Place    | Note
-------+----------+-------------------------------------------
     0 | D:1      | Sin92 the Demonspawn Hedge Wizard began the quest for the
                  | Orb.
     0 | D:1      | Reached XP level 1. HP: 13/13 MP: 4/4
    54 | D:1      | Slain by a goblin

Illustrated notes

Levels and vault maps discovered:
D:1:      minmay_arrival_four_loops, layout_basic,
          shapermc_ecumenical_altar_rom_forum

Action                   || total
-------------------------++-------
Melee: Dagger            ||    10
       Punch             ||     1
 Cast: Magic Dart        ||     4
Armor: Robe              ||     1
Dodge: Dodged            ||    10
